Match 46216081
Unlisted

Match 46216081
End
Construct Section Command Post
Vickers Machine Gun Team
Infantry Section
Infantry Section
Infantry Section
Construct Platoon Command Post
Unlock M3 Stuart Light Tanks
M3 Stuart Light Tank
M3 Stuart Light Tank
Light Vehicle Training
Selects Canadian Shock Battlegroup
Selects Attacking Spirit
Selects Canadian Shock Section
Selects Incendiary Munitions
Infantry Training
6-pounder Anti-tank Gun Team
Weebanori
Arnie
Solomon_Gnida
Mastermarius
Kampfstärke
lll
Rensesus
Freakdog
0
0

Comments sign in to comment!

No comments posted yet!